Map: 세룰리안 폴 - 래더

Players

Dear - Winner!

  • Race: Protoss Protoss
  • Spawn Location: 7:00

llllllllllll (Trap)

  • Race: Protoss Protoss
  • League: Master
  • Spawn Location: 1:00

Event: IEM Season 13 - Katowice Server Qualifiers Asia 2

VOD

Have the link to the VOD?

Description

Time

  • Played on: Jan. 22, 2019, 4:26 a.m.
  • Length: 7:22

All games in this series

Show
View Real Time Build Order
Export as new Build Order

Dear Protoss - Winner!

Build Orders:  

Get SALT Encoding   

  12  0:00  Probe  
  13  0:12  Probe  
  14  0:19  Pylon  
  14  0:24  Probe  
  15  0:33  Probe  
  15  0:38  Gateway  
  15  0:41  Probe  
  16  0:47  Assimilator  
  17  0:51  Probe  
  17  0:55  Assimilator  
  18  1:00  Probe  
  19  1:08  Gateway  
  19  1:09  Probe  
  19  1:18  Probe  
  20  1:25  Cybernetics Core  
  21  1:30  Probe  
  22  1:35  Pylon  
  22  1:41  Warp Gate  
  22  1:42  Probe  
  24  1:54  Probe  
  24  2:02  Sentry, Stalker  
  28  2:11  Pylon  
  28  2:21  Pylon  
  28  2:28  Stalker  
  30  2:32  Stalker  
  32  2:40  Gateway  
  32  2:58  Stalker  
  32  3:02  Stalker  
  36  3:19  Pylon  
  36  3:23  Pylon  
  31  3:46  Sentry x3  
  31  3:47  Nexus, Probe  
  37  3:54  Robotics Facility  
  37  3:59  Probe  
  38  4:10  Adept x2  
  38  4:11  Probe  
  43  4:18  Shield Battery  
  43  4:23  Probe  
  44  4:25  Pylon  
  44  4:35  Probe  
  45  4:40  Immortal  
  45  4:48  Probe  
  50  4:57  Stalker  
  50  4:58  Stalker  
  54  5:05  Pylon  
  54  5:11  Warp Prism  
  56  5:21  Stalker x2  
  60  5:29  Stalker  
  58  5:39  Immortal  
  62  5:52  Stalker x2  
  62  5:54  Stalker  
  64  5:58  Probe  
  65  6:05  Probe  
  65  6:06  Pylon  
  65  6:10  Probe  
  67  6:12  Observer  
  67  6:17  Probe  
  69  6:22  Probe  
  70  6:28  Probe  
  70  6:29  Adept x3  
  77  6:34  Pylon  
  77  6:36  Probe  
  78  6:40  Assimilator  
  78  6:43  Assimilator  
  78  6:49  Probe  
  78  6:51  Forge  
  78  6:52  Probe  
  78  6:53  Zealot  
  82  6:56  Zealot  
  80  7:01  Probe  
  80  7:04  Probe  
  82  7:18  Stalker  
  82  7:19  Stalker  
Show
View Real Time Build Order
Export as new Build Order

llllllllllll Protoss 

Build Orders:  

Get SALT Encoding   

  12  0:01  Probe  
  13  0:13  Probe  
  14  0:18  Pylon  
  14  0:24  Probe  
  15  0:32  Probe  
  15  0:37  Gateway  
  15  0:41  Probe  
  17  0:51  Probe  
  17  0:54  Assimilator  
  18  0:58  Assimilator  
  18  0:59  Probe  
  19  1:07  Probe  
  19  1:09  Gateway  
  20  1:18  Probe  
  20  1:24  Cybernetics Core  
  21  1:30  Probe  
  22  1:34  Pylon  
  22  1:42  Probe  
  23  1:52  Warp Gate  
  24  1:54  Probe  
  24  2:00  Stalker  
  24  2:01  Stalker  
  28  2:13  Pylon  
  28  2:30  Stalker  
  28  2:31  Stalker  
  32  2:44  Gateway  
  32  2:53  Robotics Facility  
  32  3:03  Stalker  
  34  3:07  Stalker  
  35  3:31  Immortal  
  33  3:40  Pylon  
  35  3:54  Sentry x2  
  39  4:04  Nexus  
  39  4:10  Warp Prism  
  39  4:13  Sentry  
  43  4:24  Probe  
  44  4:32  Pylon  
  44  4:39  Shield Battery  
  44  4:43  Probe  
  44  4:55  Probe  
  49  5:03  Stargate  
  49  5:06  Immortal  
  49  5:08  Probe  
  49  5:14  Probe  
  50  5:16  Probe  
  52  5:22  Probe  
  52  5:24  Probe  
  54  5:32  Probe  
  54  5:35  Probe  
  54  5:36  Adept  
  54  5:37  Adept  
  55  5:44  Probe  
  55  5:47  Probe  
  54  5:56  Probe  
  54  5:59  Probe  
  54  6:03  Phoenix  
  57  6:09  Observer  
  58  6:12  Probe x2  
  60  6:20  Probe x2  
  62  6:26  Forge  
  62  6:28  Probe x2, Phoenix  
  66  6:37  Pylon  
  66  6:40  Probe x2  
  68  6:49  Pylon  
  74  7:04  Stalker x2  
  74  7:12  Stalker  

Tags
 
Add a new tag
Caveats
  • Supply blocks, unpowered buildings, or Contaminate may cause inaccurate times.
  • Supply counts are checked every 10 seconds.